AoeStats
← BronzyRex6

Arabia

503209450Analyzed
1v1 RM · 1mo ago on Aug 30, 2026· 95m 3s· 2 players
Game mode
Random Map
Map size
Tiny (2 player)
Population
200
Speed
Normal
Resources
Standard
Victory
Conquest
Starting age
Dark Age
Ending age
Imperial Age
RankedLock teamsTeams togetherTeam positionsShared explorationLock speedFull tech treeHidden civsTurbo modeCheats
Victory
Defeat
🇭🇺 Khmer · Hungary
455
+12
🇨🇱 Ethiopians · Chile
365
-12
LordG
11:30 Feudal Age
18:52 Castle Age
22:09 Squires
24:08 Wheelbarrow
26:21 Hand Cart
28:09 Crossbowman
29:12 Thumb Ring
29:05 Fletching
33:16 Horse Collar
33:59 Arson
36:51 Imperial Age
36:39 Heavy Plow
37:33 Bodkin Arrow
37:50 Forging
38:42 Atonement
38:50 Atonement
40:35 Chemistry
40:09 Elite Shotel Warrior
44:43 Capped Ram
45:53 Cavalier
46:36 Husbandry
46:02 Heavy Camel Rider
47:46 Bracer
48:22 Iron Casting
47:54 Scale Barding Armor
47:55 Bracer
48:17 Gold Mining
49:00 Light Cavalry
50:57 Blast Furnace
51:35 Gold Shaft Mining
50:57 Hussar
57:09 Chain Barding Armor
56:57 Elite Skirmisher
58:42 Royal Heirs
60:21 Padded Archer Armor
61:29 Ballistics
64:00 Town Watch
72:48 Torsion Engines
72:16 Onager
76:07 Siege Onager
BronzyRex6
3:41 Loom
14:41 Feudal Age
19:41 Castle Age
21:25 Wheelbarrow
21:47 Wheelbarrow
21:03 Double-Bit Axe
31:13 Horse Collar
38:28 Imperial Age
35:45 Town Watch
36:14 Bloodlines
36:20 Husbandry
36:34 Heavy Plow
39:10 Double Crossbow
39:34 Conscription
39:35 Scale Barding Armor
45:27 Crop Rotation
45:05 Town Patrol
45:54 Elite Ballista Elephant
46:52 Forging
47:05 Chain Barding Armor
46:45 Gold Mining
55:33 Chemistry
54:37 Cavalier
58:50 Masonry
58:37 Murder Holes
61:32 Fortified Wall
63:31 Iron Casting
63:20 Hand Cart
66:00 Plate Barding Armor
66:27 Blast Furnace
65:19 Fletching
65:55 Ballistics
65:28 Heated Shot
66:05 Bow Saw
82:16 Pikeman
84:39 Light Cavalry
87:06 Scale Mail Armor
88:39 Halberdier
91:50 Chain Mail Armor
91:35 Bodkin Arrow
Connection lost

Rejoining the realm…

Still unreachable

The connection could not be restored.

Session expired

The server has moved on; the page needs a fresh start.